 Dungeon Crawl Stone Soup version 0.17.1-1-g73c8601 (webtiles) character file.

182 OssuaryOsiris the Insei (level 5, -1/41 HPs)
             Began as a Mummy Monk on Dec 13, 2015.
             Slain by a worker ant (5 damage)
             ... on level 4 of the Dungeon.
             The game lasted 00:10:04 (6797 turns).

OssuaryOsiris the Insei (Mummy Monk)                Turns: 6797, Time: 00:10:04

Health: -1/41      AC:  1    Str: 14    XL:     5   Next: 34%
Magic:  5/5        EV: 13    Int: 10    God:
Gold:   172        SH:  0    Dex: 15    Spells: 0 memorised, 4 levels left

rFire  x . .     SeeInvis .       - Unarmed
rCold  + . .     Clarity  .     (no armour)
rNeg   + + +     SustAt   .     (no shield)
rPois  ∞         Gourm    .     (no helmet)
rElec  .         Spirit   .     j - +0 cloak (curse)
rCorr  .         Warding  .     (no gloves)
rMut   .         Stasis   .     (no boots)
MR     .....                    (no amulet)
Stlth  ++........               (no ring)
                                (no ring)

@: not resistant to hostile enchantments, unstealthy
A: no food or potions, fire vulnerability, cold resistance 1, negative energy
resistance 3, torment resistance, unbreathing
a: no special abilities


You were on level 4 of the Dungeon.
You were not hungry.

You visited 1 branch of the dungeon, and saw 4 of its levels.

You collected 172 gold pieces.


Innate Abilities, Weirdness & Mutations

You do not eat or drink.
Your flesh is vulnerable to fire.
You are immune to poison.
Your flesh is cold resistant.
You are immune to negative energy.
You are immune to unholy pain and torment.
You can survive without breathing.


   Skills:
 + Level 3.5 Fighting
 - Level 2.4 Dodging
 - Level 1.5 Stealth
 - Level 5.3 Unarmed Combat


You had 4 spell levels left.
You didn't know any spells.

Inventory:

Missiles
 c - 56 bolts (quivered)
 i - 26 poisoned needles
 l - 7 curare-tipped needles {=f}
Armour
 j - a cursed +0 cloak (worn)
Jewellery
 f - a cursed ring of loudness {unknown}
Wands
 m - a wand of fire (5)
Scrolls
 a - a scroll of enchant weapon
 b - 2 scrolls of remove curse
 d - 2 scrolls of magic mapping
 e - a scroll of teleportation {@r4}
 g - a scroll of random uselessness
 h - a scroll of recharging {unknown}
 k - a scroll of identify {@r1}

Dungeon Overview and Level Annotations

Branches:
Dungeon (4/15)
 Temple: D:4-7

Altars:
Trog

Annotations:
D:2 exclusion: moth of wrath
D:3 conein's ghost, amateur DECj
D:4 exclusion: ogre

▒....▒ ▒ ▒....▒
.▒▒. <....▒ ..
....▒....▒
.▒▒▒..▒(...
.▒.......▒ ...
.......B.▒ ▒.▒ ▒▒.▒
▒M.▒ ▒▒
▒.▒▒▒..▒▒▒▒.▒▒
.▒▒▒▒▒.▒..........▒
.......▒......>...▒
.▒▒▒▒▒.▒..........▒
.▒▒▒▒..▒..........▒
.▒.▒▒▒.▒..........▒
.........▒.▒▒..▒▒▒▒
.▒.▒▒▒.▒...▒▒..▒


You could see a worker ant.


Message History

The worker ant is heavily wounded.
The worker ant bites you.
* * * LOW HITPOINT WARNING * * *
The worker ant barely misses you.
You hit the worker ant but do no damage.
The worker ant is heavily wounded.
The worker ant closely misses you.
You hit the worker ant.
The worker ant is severely wounded.
The worker ant barely misses you.
You barely miss the worker ant.
The worker ant is severely wounded.
The worker ant bites you.
* * * LOW HITPOINT WARNING * * *
You barely miss the worker ant.
The worker ant is severely wounded.
The worker ant bites you!
* * * LOW HITPOINT WARNING * * *
You hit the worker ant but do no damage.
The worker ant is severely wounded.
The worker ant bites you.
* * * LOW HITPOINT WARNING * * *
You hit the worker ant but do no damage.
The worker ant is severely wounded.
The worker ant bites you.
* * * LOW HITPOINT WARNING * * *
You closely miss the worker ant.
The worker ant is severely wounded.
The worker ant bites you.
You die...

Action                   |  1- 3 |  4- 6 || total
-------------------------+-------+-------++-------
Melee: Unarmed           |   183 |   141 ||   324
  Use: Scroll            |     5 |       ||     5
 Stab: Sleeping          |     3 |     3 ||     6

Vault maps used:
D:1:      evilmike_arrival_crescent
D:2:      tgw_trog
D:3:      first_bread, ecumenical_altar_2, grunt_decor_cap, amethyst_killhole
D:4:      kennysheep_mini, serial_shops,
          nicolae_shop_competitors_out_of_business,
          hangedman_decor_clover_reticule, grunt_decor_fettered,
          hangedman_decor_diamond_cutter, serial_park_tiny_1

Notes
Turn   | Place    | Note
--------------------------------------------------------------
     0 | D:1      | OssuaryOsiris the Mummy Monk began the quest for the Orb.
     0 | D:1      | Reached XP level 1. HP: 18/18 MP: 1/1
   804 | D:1      | Reached XP level 2. HP: 4/24 MP: 2/2
  1441 | D:1      | SNEAK ATTACK
  1549 | D:2      | Reached skill level 4 in Unarmed Combat
  1764 | D:2      | Reached XP level 3. HP: 13/29 MP: 3/3
  3031 | D:2      | Noticed a moth of wrath
  3034 | D:2      | Found a bloodstained altar of Trog.
  3708 | D:3      | Reached XP level 4. HP: 32/35 MP: 4/4
  4111 | D:3      | Found a faded altar to an unknown god.
  4131 | D:3      | Noticed conein's ghost (amateur DECj)
  4132 | D:3      | Fucker
  4296 | D:3      | Reached skill level 5 in Unarmed Combat
  4389 | D:3      | Reached XP level 5. HP: 29/41 MP: 5/5
  4390 | D:3      | I DON'T WANT TO BE CLEVER
  5561 | D:3      | HP: 4/41 [conein's ghost (5)]
  6776 | D:4      | Noticed an ogre
  6796 | D:4      | HP: 4/41 [worker ant (6)]
  6797 | D:4      | Slain by a worker ant

Vanquished Creatures
  An orc priest (D:3)
  A hound (D:4)
  3 adders
  3 worms (D:2)
  2 giant geckos (D:2)
  9 orcs (D:3)
  3 giant cockroaches
  8 goblins
  9 hobgoblins
  3 jackals (D:2)
  12 kobolds
  3 quokkas
  2 ball pythons (D:1)
  3 bats
  5 giant newts
  7 rats
74 creatures vanquished.
